 Dungeon Crawl Stone Soup version 0.24-a0-157-g36218c0 (webtiles) character file.

Game seed: 7010594082888043298

870 Kurtz the Chopper (level 7, -3/52 HPs)
             Began as a Mummy Chaos Knight on Mar 4, 2019.
             Was a Plaything of Xom.
             Shot with an arrow by a centaur (13 damage)
             ... on level 7 of the Dungeon.
             The game lasted 00:02:47 (3855 turns).

Kurtz the Chopper (Mummy Chaos Knight)              Turns: 3855, Time: 00:02:48

Health: -3/52      AC:  9    Str: 15    XL:     7   Next: 73%
Magic:  7/7        EV:  6    Int: 12    God:    Xom [...*..]
Gold:   148        SH:  0    Dex: 13    Spells: 6/6 levels left

rFire    x . .     SeeInvis .   a - +0 hand axe (chaos)
rCold    + . .     Gourm    .   (no shield)
rNeg     + + +     Faith    .   m - +0 chain mail
rPois    ∞         Spirit   .   (no helmet)
rElec    .         Reflect  .   j - +0 cloak
rCorr    .         Harm     .   (no gloves)
MR       .....                  (no boots)
Stlth    ..........             n - amulet of the acrobat
HPRegen  0.17/turn              f - ring of flight
MPRegen  0.10/turn              (no ring)

@: no status effects
A: no food or potions, fire vulnerability, cold resistance 1, negative energy
resistance 3, torment resistance, unbreathing
a: Renounce Religion, Evoke Flight


You were on level 7 of the Dungeon.
You worshipped Xom.
You were a favourite toy of Xom.
You were not hungry.

You visited 1 branch of the dungeon, and saw 7 of its levels.

You collected 148 gold pieces.

Inventory:

Hand Weapons
 a - a +0 hand axe of chaos (weapon)
Missiles
 g - 4 javelins of penetration (quivered)
Armour
 b - a +2 leather armour
 j - a +0 cloak (worn)
 m - a +0 chain mail (worn)
Jewellery
 f - a ring of flight (left hand)
 n - an amulet of the acrobat (around neck)
Scrolls
 c - 3 scrolls of blinking {unknown}
 d - a scroll of enchant weapon {unknown}
 e - a scroll of noise {unknown}
 h - a scroll of remove curse {unknown}
 i - a scroll of identify {unknown}
 k - 3 scrolls of enchant armour {unknown}
 l - 2 scrolls of amnesia {unknown}


   Skills:
 - Level 3.0 Fighting
 * Level 7.8 Axes
 - Level 1.5 Armour
 - Level 0.7 Dodging


You had 6 spell levels left.
You didn't know any spells.
Your spell library contained the following spells:

 Spells                   Type           Power        Failure   Level  Hunger
 Shock                    Conj/Air       #...         100%        1    N/A
 Swiftness                Chrm/Air       #.......     100%        2    N/A
 Static Discharge         Conj/Air       #.......     100%        3    N/A
 Airstrike                Air            #.........   100%        4    N/A
 Lightning Bolt           Conj/Air       #.........   100%        5    N/A

Dungeon Overview and Level Annotations

Branches:
Dungeon (7/15)
 Temple: D:4-7

Altars:
Ashenzari
Sif Muna
Xom


Innate Abilities, Weirdness & Mutations

You do not eat or drink.
Your flesh is vulnerable to fire.
You are immune to poison.
Your flesh is cold resistant. (rC+)
You are immune to negative energy. (rN+++)
You are immune to unholy pain and torment.
You can survive without breathing.


Message History

The centaur is almost dead.
The centaur hits you with a +0 short sword.
You hit the centaur but do no damage.
The centaur is almost dead.
The centaur barely misses you.
The centaur hits you with a +0 short sword!
You are too injured to fight recklessly!
You are too injured to fight recklessly!
You hit the centaur but do no damage.
The centaur is almost dead.
The centaur hits you with a +0 short sword.
A centaur comes into view. It is wielding a +0 war axe.
Your chain mail prevents you from hitting the centaur.
The centaur is almost dead.
The centaur hits you with a +0 short sword!
* * * LOW HITPOINT WARNING * * *
The centaur unwields a +0 war axe.
The centaur wields a +0 shortbow.
The centaur shoots an arrow.
The arrow hits you!
You die...
Xom guffaws!

#.#.# ###.......#.# #.#(###
#..c....#.#.# #.#.(.#
#.......#.#.# #.#(..#
#.......#.#.#
#.#...###.......#.#.#
#.#.............#.#.#####
#####.#((...........'.#......
#.....#((...........#########
##.####.(...@................
#.# #.....5c......#########
#.#.............#'## ######
#.#.##.########.#.# #.....
#.# #.. #.#.# #..... #.# #..
#.#.# #..... #.# #.. #.#.#
#..... #.# #.. #.#.# #.....
#.# #.#.# #.....


You could see 2 centaurs and a friendly shadow imp.

Vanquished Creatures
  A water moccasin (D:7)
  An ice beast (D:7)
  An ogre (D:6)
  A centaur (D:5)
  A wyvern skeleton (D:7)
  A water moccasin skeleton (D:7)
  A bullfrog zombie (D:7)
  2 centaur zombies (D:7)
  A hound (D:5)
  2 iguanas (D:4)
  A gnoll shaman (D:3)
  A worker ant (D:7)
  3 gnolls
  4 adders
  A howler monkey skeleton (D:7)
  2 oozes
  An adder zombie (D:7)
  2 worms
  A dart slug (D:1)
  2 orcs (D:3)
  6 bats
  4 giant cockroaches
  2 goblins
  A hobgoblin (D:3)
  A quokka (D:2)
  A frilled lizard (D:3)
  3 kobolds
  5 rats
53 creatures vanquished.

Vanquished Creatures (collateral kills)
  A water moccasin (D:7)
1 creature vanquished.

Vanquished Creatures (others)
  A gnoll (D:4)
1 creature vanquished.

Grand Total: 55 creatures vanquished

Notes
Turn   | Place    | Note
-------+----------+-------------------------------------------
     0 | D:1      | Kurtz the Mummy Chaos Knight began the quest for the Orb.
     0 | D:1      | Reached XP level 1. HP: 18/18 MP: 1/1
   118 | D:2      | Reached XP level 2. HP: 24/24 MP: 2/2
   122 | D:2      | Reached skill level 3 in Axes
   190 | D:2      | XOM: harmless Fire miscast
   366 | D:3      | XOM: divination: magic mapping
   390 | D:3      | Found a shattered altar of Ashenzari.
   414 | D:3      | Reached XP level 3. HP: 25/29 MP: 3/3
   669 | D:3      | Reached skill level 4 in Axes
   906 | D:3      | Reached XP level 4. HP: 31/35 MP: 4/4
  1108 | D:3      | XOM: harmless Summ miscast
  1197 | D:3      | Found a deep blue altar of Sif Muna.
  1319 | D:4      | XOM: stealth player
  1723 | D:4      | XOM: harmless Conj miscast
  1736 | D:4      | XOM: silly message
  1752 | D:3      | Reached XP level 5. HP: 16/41 MP: 5/5
  1757 | D:3      | XOM: potion effect (might)
  1760 | D:3      | HP: 2/41 [gnoll shaman/+0 club (6)]
  1761 | D:3      | Reached skill level 5 in Axes
  1843 | D:3      | XOM: harmless Erth miscast
  2251 | D:4      | XOM: scenery: 2 doors close
  2259 | D:5      | Entered Level 5 of the Dungeon
  2555 | D:5      | Noticed an ogre
  2559 | D:5      | Noticed a centaur
  2559 | D:5      | an ogre changed into a centaur
  2559 | D:5      | XOM: polymorph ogre -> centaur
  2564 | D:5      | Killed a centaur
  2564 | D:5      | Reached XP level 6. HP: 29/47 MP: 6/6
  2617 | D:6      | Reached skill level 6 in Axes
  2695 | D:6      | You fall through a shaft!
  2724 | D:6      | XOM: scenery: create altars
  2780 | D:7      | Noticed an ice beast
  2795 | D:7      | Killed an ice beast
  2795 | D:7      | Reached XP level 7. HP: 19/52 MP: 7/7
  3386 | D:7      | XOM: god gift: scroll labeled EMEPSITZOS {god gift}
  3411 | D:7      | Reached skill level 7 in Axes
  3814 | D:7      | XOM: summons 7 friendly demons
  3855 | D:7      | Shot with an arrow by a centaur

Levels and vault maps discovered:
D:1:      nzn_arrival_depleted_hourglass, layout_loops_corners
D:2:      layout_rooms, hangedman_decor_lopped
D:3:      layout_loops_corners, nicolae_overflow_hidden_temple,
          overflow_temple_1_default, first_ration, minmay_cut_off
D:4:      layout_gridville, uniq_eustachio
D:5:      layout_layer_cave, kennysheep_generic_room_8
D:6:      wander_river, layout_rooms, grunt_temple_overflow_open,
          makhleb_grotto_becter, minmay_temple_entry_nine_rooms, serial_shops,
          nicolae_shop_crystal
D:7:      layout_basic

Skill      XL: |  1  2  3  4  5  6  7 |
---------------+----------------------+-----
Axes           | 3 4 5 6 7 |  7.8
Fighting       | |  3.0
Armour         | |  1.5
Dodging        | |  0.7

Action                   |  1- 3 |  4- 6 |  7- 9 || total
-------------------------+-------+-------+-------++-------
Melee: Hand axe          |    92 |    92 |    69 ||   253
Throw: Javelin           |       |     8 |       ||     8
 Stab: Paralysed         |       |     7 |       ||     7
       Petrified         |       |     3 |     7 ||    10
       Confused          |       |       |     2 ||     2
       Petrifying        |       |       |     2 ||     2
Armor: Leather armour    |    47 |    27 |     1 ||    75
       Chain mail        |       |       |    25 ||    25
Dodge: Dodged            |    58 |    48 |    29 ||   135

Table legend:
 A = Non-vault XP
 B = Vault XP
 C = Vault XP percentage of total XP
 D = Non-vault monster count
 E = Vault monster count
 F = Vault count percentage of total count
                 A         B        C        D         E       F
            +---------+---------+-------+---------+---------+-------
      Total |    1238 |       6 |   0.5 |      53 |       2 |   3.6
            +---------+---------+-------+---------+---------+-------
        D:1 |       9 |       0 |   0.0 |       5 |       0 |   0.0
        D:2 |      24 |       0 |   0.0 |       9 |       0 |   0.0
        D:3 |     127 |       6 |   4.5 |      17 |       2 |  10.5
        D:4 |     113 |       0 |   0.0 |       7 |       0 |   0.0
        D:5 |     150 |       0 |   0.0 |       2 |       0 |   0.0
        D:6 |     125 |       0 |   0.0 |       1 |       0 |   0.0
        D:7 |     690 |       0 |   0.0 |      12 |       0 |   0.0
            +---------+---------+-------+---------+---------+-------
